 Dungeon Crawl Stone Soup version 0.21-a0-630-g344d351 (webtiles) character file.

40 slep the Chopper (level 3, -1/33 HPs)
             Began as a Hill Orc Monk on Dec 25, 2017.
             Slain by Jessica (2 damage)
             ... on level 2 of the Dungeon.
             The game lasted 00:03:30 (822 turns).

slep the Chopper (Hill Orc Monk)                     Turns: 822, Time: 00:03:31

Health: -1/33      AC:  2    Str: 13    XL:     3   Next: 50%
Magic:  3/3        EV: 13    Int: 10    God:
Gold:   30         SH:  0    Dex: 14    Spells: 2/2 levels left

rFire    . . .     SeeInvis .   a - +0 hand axe
rCold    . . .     Gourm    .   (no shield)
rNeg     . . .     Faith    .   b - +0 robe
rPois    .         Spirit   .   (no helmet)
rElec    .         Reflect  .   (no cloak)
rCorr    .         Harm     .   (no gloves)
MR       .....                  (no boots)
Stlth    ++........             (no amulet)
HPRegen  0.11/turn              (no ring)
MPRegen  0.08/turn              (no ring)

@: no status effects
A: no striking features
a: no special abilities


You were on level 2 of the Dungeon.
You were not hungry.

You visited 1 branch of the dungeon, and saw 2 of its levels.

You collected 30 gold pieces.

Inventory:

Hand Weapons
 a - a +0 hand axe (weapon)
Armour
 b - a +0 robe (worn)
Scrolls
 e - a scroll of random uselessness {unknown}
 f - a scroll of identify {unknown}
 h - a scroll of teleportation {unknown}
 i - a scroll of enchant armour {unknown}
 j - a scroll of blinking {unknown}
Potions
 d - 2 potions of curing {unknown}
 g - a potion of mutation {unknown}
Comestibles
 c - a ration


   Skills:
 + Level 4.2 Fighting
 + Level 4.8 Axes
 + Level 2.6 Dodging
 + Level 1.9 Stealth


You had 2 spell levels left.
You didn't know any spells.

Dungeon Overview and Level Annotations

Branches:
Dungeon (2/15)

Altars:
Qazlal

Annotations:
D:2 Jessica


Message History

You barely miss Jessica.
Jessica is severely wounded.
Jessica gestures wildly while chanting.
Jessica blinks!
Jessica hits you.
* * * LOW HITPOINT WARNING * * *
You barely miss Jessica.
Jessica is severely wounded.
Jessica points at you and mumbles some strange words.
Pain shoots through your body!
* * * LOW HITPOINT WARNING * * *
You closely miss Jessica.
Jessica is severely wounded.
Jessica closely misses you. Jessica completely misses you.
You barely miss Jessica.
Jessica is severely wounded.
Jessica closely misses you.
You barely miss Jessica.
Jessica is severely wounded.
Jessica closely misses you. Jessica hits you.
You die...

#######...# #.#..
#.#..
######+#+#######.##.
#.........†......##.
#.........##########
#.........# #
#.........# #
#..@......#
#.@.......# #######
#...................
....?...###...........
..........#
...........
..........#
...........
.........[# #########
..........#
.#######+##


You could see Jessica.

Vanquished Creatures
  An adder (D:2)
  A worm (D:2)
  5 bats
  A giant cockroach (D:1)
  3 hobgoblins
  5 kobolds
  2 frilled lizards (D:1)
  5 goblins
  6 rats (D:1)
29 creatures vanquished.

Notes
Turn   | Place    | Note
-------+----------+-------------------------------------------
     0 | D:1      | slep the Hill Orc Monk began the quest for the Orb.
     0 | D:1      | Reached XP level 1. HP: 19/19 MP: 1/1
   105 | D:1      | Reached XP level 2. HP: 19/27 MP: 2/2
   707 | D:2      | Found a stormy altar of Qazlal.
   738 | D:2      | Reached XP level 3. HP: 18/33 MP: 3/3
   794 | D:2      | Noticed Jessica
   819 | D:2      | HP: 1/33 [Jessica/nerve-wracking pain (4)]
   822 | D:2      | Slain by Jessica

Vault maps used:
D:1:      tarquinn_simple_flora_water_d
D:2:      overflow_temple_1_default, uniq_natasha, uniq_jessica

Skill      XL: |  1  2 |
---------------+-------+-----
Fighting       | 4 |  4.2
Axes           | |  4.8
Dodging        | |  2.6
Stealth        | |  1.9

Action                   || total
-------------------------++-------
Melee: Hand axe          ||   105
 Stab: Sleeping          ||     2
Armor: Robe              ||    19
Dodge: Dodged            ||    80

Table legend:
 A = Spawn XP
 B = Non-spawn XP
 C = Spawn XP percentage of total XP
 D = Spawn monster count
 E = Non-spawn monster count
 F = Spawn count percentage of total count
 G = Total turns spent on level
                    A         B        C        D         E        F      G
               +---------+---------+-------+---------+---------+-------+---------
         Total |       0 |      58 |   0.0 |       0 |      29 |   0.0 |   822
               +---------+---------+-------+---------+---------+-------+---------
           D:1 |       0 |      29 |   0.0 |       0 |      20 |   0.0 |   688
           D:2 |       0 |      29 |   0.0 |       0 |       9 |   0.0 |   134
               +---------+---------+-------+---------+---------+-------+---------
